 Dungeon Crawl Stone Soup version 0.26.1-11-gd32895ea62 (webtiles) character file.

Game seed: 6758503590726724807

707 Zeld the Chucker (level 7, 67/67 HPs)
             Began as a Troll Hunter on June 12, 2021.
             Quit the game on level 5 of the Dungeon.
             The game lasted 00:05:03 (4166 turns).

Zeld the Chucker (Troll Hunter)                     Turns: 4166, Time: 00:05:04

Health: 67/67      AC:  8    Str: 23    XL:     7   Next: 40%
Magic:  6/6        EV: 11    Int:  7    God:
Gold:   157        SH:  0    Dex: 10    Spells: 6/6 levels left

rFire    . . .     SeeInvis .   a - +0 giant club
rCold    . . .     Faith    .   (shield currently unavailable)
rNeg     . . .     Spirit   .   b - +0 robe
rPois    +         Reflect  .   (helmet restricted)
rElec    .         Harm     .   w - +1 cloak {rPois}
rCorr    .         Rampage  .   (gloves unavailable)
Will     .....                  (boots unavailable)
Stlth    +.........             (no amulet)
HPRegen  0.61/turn              (no ring)
MPRegen  0.10/turn              (no ring)

@: no status effects
A: large, unfitting armour, claws 3, regeneration 1, shaggy fur 1, tough skin 3
a: no special abilities


You were on level 5 of the Dungeon.
You visited 1 branch of the dungeon, and saw 5 of its levels.

You collected 157 gold pieces.

Inventory:

Hand Weapons
 a - a +0 giant club (weapon)
Missiles
 c - 5 large rocks (quivered)
 g - 124 stones
 i - 14 boomerangs
Armour
 b - a +0 robe (worn)
 w - a +1 cloak of poison resistance (worn)
Scrolls
 d - 2 scrolls of teleportation {unknown}
 e - 2 scrolls of immolation {unknown}
 f - a scroll of remove curse {unknown}
 k - a scroll of fog {unknown}
 n - 2 scrolls of identify {unknown}
 r - a scroll of fear {unknown}
 t - 2 scrolls of enchant weapon {unknown}
 v - 3 scrolls of amnesia {unknown}
 x - a scroll of random uselessness {unknown}
 y - 4 scrolls of blinking
Potions
 h - 4 potions of lignification {unknown}
 j - 3 potions of curing {unknown}
 l - 2 potions of brilliance {unknown}
 m - 2 potions of resistance {unknown}
 o - a potion of invisibility {unknown}
 p - a potion of degeneration {unknown}
 q - a potion of berserk rage {unknown}
 s - a potion of magic {unknown}
 u - a potion of attraction {unknown}
 z - a potion of heal wounds {unknown}


   Skills:
 + Level 3.6 Fighting
 * Level 1.0 Maces & Flails
 * Level 6.3 Throwing
 + Level 3.6 Dodging
 - Level 0.3 Stealth


You had 6 spell levels left.
You didn't know any spells.
Your spell library was empty.

Dungeon Overview and Level Annotations

Branches:
Dungeon (5/15)
 Temple: D:4-7

Altars:
Cheibriados
Ru
Zin


Innate Abilities, Weirdness & Mutations

You are too large for most types of armour.
You have claws for hands.
Your natural rate of healing is unusually fast.
You are covered in fur. (AC +1)
You have extremely tough skin. (AC +3)


Message History

You hear the hiss of a very distant avalanche of sand.
g - 124 stones (gained 20)
A centaur comes into view.
A centaur is nearby!
The centaur shouts!
The centaur misses you.
You bludgeon the centaur!!
You kill the centaur!
Your Maces & Flails skill increases to level 1!
No target in view!
No target in view!
Things that are here:
a +0 shortbow; 15 arrows; a centaur corpse No target in view!
You hear the brisk hiss of a very distant avalanche of sand.
Found 24 stones.
Found a stone staircase leading down.
Found a leather armour.
There is a stone staircase leading down here.
Are you sure you want to abandon this character and quit the game? (Confirm with "yes".)

#.. #.#
#............
...#.#
#.....#####.#
..#.#
#........##..
#.#.#
##.......####
#.#.#
#.......#
#...#
#.......#
##(.#
#.......#
#..#
#.......#
#@>#
#.......#
##.#
#.......# #.#
######### [.#
###


There were no monsters in sight!

Vanquished Creatures
  An ice beast (D:3)
  A phantom (D:4)
  An ogre (D:5)
  A centaur (D:5)
  A bullfrog (D:4)
  Crazy Yiuf (D:4)
  A bullfrog skeleton (D:5)
  An iguana (D:5)
  2 worker ants
  An orc wizard (D:3)
  A hound skeleton (D:4)
  Robin (D:4)
  3 adders
  3 oozes
  A worm (D:3)
  A leopard gecko (D:4)
  13 orcs
  A ball python (D:3)
  5 giant cockroaches
  12 goblins
  11 hobgoblins
  6 jackals
  2 quokkas
  3 bats
  A frilled lizard (D:4)
  4 kobolds
  5 rats
84 creatures vanquished.

Notes
Turn   | Place    | Note
-------+----------+-------------------------------------------
     0 | D:1      | Zeld the Troll Hunter began the quest for the Orb.
     0 | D:1      | Reached XP level 1. HP: 19/19 MP: 0/0
   246 | D:1      | Reached XP level 2. HP: 28/28 MP: 1/1
   353 | D:1      | Reached skill level 4 in Throwing
   833 | D:2      | Found a snail-covered altar of Cheibriados.
  1069 | D:2      | Reached XP level 3. HP: 35/35 MP: 2/2
  1171 | D:2      | Found a sacrificial altar of Ru.
  1599 | D:3      | Reached XP level 4. HP: 37/42 MP: 3/3
  1713 | D:3      | Noticed an ice beast
  2097 | D:3      | Killed an ice beast
  2098 | D:3      | Reached XP level 5. HP: 24/50 MP: 4/4
  2308 | D:3      | Reached skill level 5 in Throwing
  2334 | D:3      | Found a glowing silver altar of Zin.
  3242 | D:4      | Noticed a phantom
  3263 | D:4      | Reached XP level 6. HP: 50/59 MP: 5/5
  3388 | D:4      | Identified the +1 helmet "Niodit Vijuk" {Will+}
  3388 | D:4      | Noticed Robin
  3430 | D:4      | Killed Robin
  3752 | D:4      | Found a runed translucent door.
  3753 | D:4      | Noticed Crazy Yiuf
  3822 | D:4      | Killed Crazy Yiuf
  3860 | D:5      | Entered Level 5 of the Dungeon
  3902 | D:5      | Reached skill level 6 in Throwing
  3902 | D:5      | Reached XP level 7. HP: 59/67 MP: 6/6
  4146 | D:5      | Reached skill level 1 in Maces & Flails
  4166 | D:5      | Quit the game

Illustrated notes

Levels and vault maps discovered:
D:1:      nagdon_arrival_zigzag_paths, layout_loops_ring
D:2:      layout_basic, lemuel_round_altar, cheibriados_altar_1
D:3:      layout_basic, lemuel_round_altar, serial_curves, eino_curves_03,
          eino_curves_01
D:4:      layout_rooms, wad_floor_pattern_2, uniq_crazy_yiuf_cottage, uniq_robin
D:5:      layout_basic, overflow_temple_1_default, kennysheep_mini_moat,
          nicolae_ossuary_entry_catacombs, serial_shops, shop_statue,
          basic_altar

Skill      XL: |  1  2  3  4  5  6  7 |
---------------+----------------------+-----
Throwing       | 4 5 6 |  6.3
Dodging        | 2 3 |  3.6
Fighting       | 2 3 |  3.6
Maces & Flails | 1 |  1.0
Stealth        | |  0.3

Action                   |  1- 3 |  4- 6 |  7- 9 || total
-------------------------+-------+-------+-------++-------
Melee: Unarmed           |   131 |   181 |     2 ||   314
       Giant club        |       |       |    11 ||    11
Throw: Large rock        |       |     7 |     3 ||    10
       Throwing net      |       |     5 |       ||     5
       Stone             |       |     1 |       ||     1
  Use: Scroll            |       |     1 |       ||     1
 Stab: Sleeping          |     2 |     2 |       ||     4
       Held in net/web   |       |     1 |       ||     1
Armor: Robe              |    70 |    69 |     1 ||   140
Dodge: Dodged            |    71 |   112 |    11 ||   194
